AoeStats
← Technogun

Arabia

509138149Analyzed
1v1 RM · 5d ago on Sep 25, 2026· 45m 31s· 2 players
Game mode
Random Map
Map size
Tiny (2 player)
Population
200
Speed
Normal
Resources
Standard
Victory
Conquest
Starting age
Dark Age
Ending age
Imperial Age
RankedLock teamsTeams togetherTeam positionsShared explorationLock speedFull tech treeHidden civsTurbo modeCheats
Victory
Defeat
🇮🇳 Celts · India
1179
+15
🇷🇺 Lithuanians · Russia
1156
-15
Taleshire
9:47 Loom
12:05 Feudal Age
20:05 Castle Age
19:01 Horse Collar
19:11 Double-Bit Axe
20:55 Husbandry
21:13 Fletching
22:50 Fervor
23:38 Heavy Plow
25:24 Bloodlines
33:46 Imperial Age
32:23 Scale Barding Armor
37:15 Conscription
37:36 Cavalier
43:01 Forging
45:15 Ballistics
45:07 Masonry
Technogun
3:12 Loom
8:08 Loom
10:34 Feudal Age
10:39 Man-at-Arms
11:21 Horse Collar
11:27 Double-Bit Axe
13:17 Arson
17:19 Scale Mail Armor
21:26 Castle Age
22:02 Long Swordsman
22:59 Chain Mail Armor
24:05 Forging
23:43 Gambesons
25:42 Fletching
28:27 Bodkin Arrow
31:13 Wheelbarrow
30:03 Pikeman
30:38 Stronghold
31:32 Stone Mining
31:54 Bow Saw
31:36 Gold Mining
36:29 Imperial Age
35:22 Hand Cart
37:21 Masonry
37:12 Two-Handed Swordsman
38:23 Conscription
38:52 Plate Mail Armor
38:58 Iron Casting
41:03 Champion
41:12 Champion
43:53 Blast Furnace
Connection lost

Rejoining the realm…

Still unreachable

The connection could not be restored.

Session expired

The server has moved on; the page needs a fresh start.